AoeStats
← Maikel´s

Arena

509976490Analyzed
4v4 RM · 4d ago on Sep 28, 2026· 36m 2s· 8 players
Game mode
Random Map
Map size
Large (8 player)
Population
200
Speed
Normal
Resources
Standard
Victory
Conquest
Starting age
Dark Age
Ending age
Imperial Age
RankedLock teamsTeams togetherTeam positionsShared explorationLock speedFull tech treeHidden civsTurbo modeCheats
Victory
Defeat
🇵🇪 Teutons · Peru
1365
+11
1311
+13
🇻🇪 Italians · Venezuela
1253
+15
🇦🇷 Franks · Argentina
1190
+18
🇲🇽 Armenians · Mexico
1279
-16
🇩🇪 Saxons · Germany
1261
-15
🇦🇷 Malians · Argentina
1210
-13
🇺🇸 Varangians · United States
1205
-13
PeppyIsland31
11:17 Feudal Age
13:06 Double-Bit Axe
16:02 Castle Age
13:52 Horse Collar
17:26 Bow Saw
17:20 Heavy Plow
20:32 Loom
21:22 Wheelbarrow
23:50 Forging
23:51 Gold Mining
25:13 Scale Barding Armor
25:55 Husbandry
26:38 Chain Barding Armor
28:54 Iron Casting
29:03 Bloodlines
32:59 Hand Cart
32:41 Fletching
32:53 Stone Mining
35:44 Imperial Age
BondTrustee
11:26 Feudal Age
11:58 Feudal Age
19:00 Castle Age
18:24 Scale Mail Armor
P@che
10:36 Feudal Age
14:13 Castle Age
21:00 Loom
21:57 Wheelbarrow
21:07 Town Watch
21:08 Loom
32:00 Imperial Age
30:27 Hand Cart
30:00 Horse Collar
30:12 Double-Bit Axe
30:17 Gold Mining
30:21 Stone Mining
33:47 Bow Saw
34:48 Heavy Plow
36:16 Gold Shaft Mining
Maikel´s
11:32 Feudal Age
15:13 Castle Age
14:53 Double-Bit Axe
15:06 Horse Collar
17:10 Loom
21:16 Forging
21:06 Scale Mail Armor
23:21 Bow Saw
24:34 Iron Casting
24:09 Squires
26:15 Chain Mail Armor
25:56 Arson
30:44 Heavy Plow
33:59 Imperial Age
32:55 Fletching
33:06 Padded Archer Armor
JAGR | Rojnar
5:37 Loom
8:24 Feudal Age
8:54 Town Watch
13:46 Fletching
24:41 Castle Age
22:50 Double-Bit Axe
23:30 Horse Collar
25:50 Wheelbarrow
26:07 Bodkin Arrow
27:05 Bow Saw
29:26 Heavy Plow
29:18 Gold Mining
33:30 Fortified Wall
33:30 Masonry
37:41 Imperial Age
35:32 Town Patrol
36:22 Gold Mining
36:22 Stone Mining
36:50 Hand Cart
JAGR fran
10:09 Feudal Age
14:51 Castle Age
14:26 Double-Bit Axe
15:51 Bow Saw
20:21 Town Watch
23:38 Gold Mining
30:22 Imperial Age
27:37 Loom
28:40 Gold Shaft Mining
30:32 Stone Mining
31:00 Scale Barding Armor
31:06 Forging
31:26 Fletching
31:31 Cavalier
32:11 Husbandry
32:33 Chain Barding Armor
33:38 Iron Casting
33:21 Bodkin Arrow
35:15 Conscription
36:26 Plate Barding Armor
37:29 Blast Furnace
JAGR | GoodByeWorld
10:11 Feudal Age
13:50 Castle Age
12:05 Double-Bit Axe
17:16 Town Watch
19:31 Bow Saw
19:29 Horse Collar
24:36 Fletching
29:20 Imperial Age
26:38 Loom
27:01 Gold Mining
29:18 Wheelbarrow
29:22 Ballistics
31:11 Chemistry
30:26 Bodkin Arrow
31:02 Heavy Plow
30:53 Stone Mining
32:11 Bracer
32:58 Hand Cart
35:00 Padded Archer Armor
34:58 Murder Holes
35:16 Masonry
36:05 Conscription
36:03 Town Patrol
36:35 Crop Rotation
JAGR | TheButterfly_Effect
10:05 Feudal Age
14:24 Castle Age
13:05 Double-Bit Axe
14:43 Bloodlines
19:40 Loom
20:17 Scale Barding Armor
22:33 Wheelbarrow
22:32 Horse Collar
24:31 Chain Barding Armor
24:38 Town Watch
26:06 Hand Cart
30:23 Gold Mining
31:50 Forging
36:55 Imperial Age
36:36 Iron Casting
36:22 Husbandry
36:36 Heavy Plow
36:47 Bow Saw
Connection lost

Rejoining the realm…

Still unreachable

The connection could not be restored.

Session expired

The server has moved on; the page needs a fresh start.